AoeStats
← superdonk

Arena

509649150Analyzed
1v1 RM · 4d ago on Sep 27, 2026· 45m 39s· 2 players
Game mode
Random Map
Map size
Tiny (2 player)
Population
200
Speed
Normal
Resources
Standard
Victory
Conquest
Starting age
Dark Age
Ending age
Imperial Age
RankedLock teamsTeams togetherTeam positionsShared explorationLock speedFull tech treeHidden civsTurbo modeCheats
Victory
Defeat
🇧🇪 Berbers · Belgium
961
+17
🇳🇴 Khmer · Norway
992
-17
bubba
11:06 Feudal Age
9:25 Loom
12:00 Double-Bit Axe
13:16 Horse Collar
14:22 Stone Mining
14:27 Gold Mining
18:30 Castle Age
17:25 Gold Mining
19:10 Bloodlines
19:17 Pikeman
21:29 Scale Barding Armor
22:31 Bow Saw
25:49 Wheelbarrow
25:55 Husbandry
31:03 Fletching
37:19 Imperial Age
36:45 Chain Barding Armor
37:04 Ballistics
36:24 Treadmill Crane
36:56 Masonry
38:41 Conscription
38:13 Heavy Camel Rider
39:43 Murder Holes
41:25 Cavalier
43:37 Hand Cart
46:20 Plate Barding Armor
45:56 Forging
superdonk
11:45 Feudal Age
10:17 Loom
13:42 Wheelbarrow
13:01 Double-Bit Axe
12:57 Horse Collar
13:10 Gold Mining
17:05 Castle Age
16:44 Bloodlines
18:17 Bow Saw
27:44 Loom
30:23 Husbandry
39:21 Imperial Age
Connection lost

Rejoining the realm…

Still unreachable

The connection could not be restored.

Session expired

The server has moved on; the page needs a fresh start.